 Dungeon Crawl Stone Soup version 0.27-a0-1565-gad902ab807 (webtiles) character file.

Game seed: 16676314948901908399

253 flotson the Skirmisher (level 5, 0/47 HPs)
             Began as a Minotaur Delver on July 16, 2021.
             Slain by a kobold brigand (4 damage)
             ... on level 3 of the Dungeon.
             The game lasted 00:07:36 (3780 turns).

flotson the Skirmisher (Minotaur Delver)            Turns: 3780, Time: 00:07:38

Health: 0/47       AC:  7    Str: 17    XL:     5   Next: 90%
Magic:  4/4        EV: 10    Int:  7    God:
Gold:   101        SH:  0    Dex: 12    Spells: 4/4 levels left

rFire    . . .     SeeInvis .   a - +0 hand axe
rCold    . . .     Faith    .   (no shield)
rNeg     . . .     Spirit   .   r - +0 scale mail
rPois    .         Reflect  .   (helmet restricted)
rElec    .         Harm     .   (no cloak)
rCorr    .         Rampage  .   u - +0 pair of gloves
Will     .....                  (no boots)
Stlth    +.........             (no amulet)
HPRegen  0.15/turn              (no ring)
MPRegen  0.09/turn              (no ring)

@: attractive, flying, slowed, very slow
A: horns 2, retaliatory headbutt, mutation resistance 1
a: no special abilities


You were on level 3 of the Dungeon.
You visited 1 branch of the dungeon, and saw 5 of its levels.

You collected 101 gold pieces.

Inventory:

Hand Weapons
 a - a +0 hand axe (weapon)
 b - a +0 hunting sling
Missiles
 j - 63 stones
 q - 4 poisoned darts (quivered)
Armour
 r - a +0 scale mail (worn)
 u - a +0 pair of gloves (worn)
 v - a +0 ring mail
Wands
 g - a wand of digging (3)
Scrolls
 c - a scroll of fog
 e - a scroll of magic mapping
 f - a scroll of vulnerability {unknown}
 l - a scroll of acquirement {unknown}
 p - a scroll of enchant weapon {unknown}
 t - 3 scrolls of identify {unknown}
Potions
 i - a potion of flight
 m - a potion of lignification {unknown}
 n - a potion of berserk rage {unknown}
 o - a potion of brilliance {unknown}
 s - a potion of might {unknown}


   Skills:
 + Level 4.6 Fighting
 + Level 3.8 Axes
 + Level 1.3 Throwing
 + Level 2.7 Armour
 + Level 3.4 Dodging
 - Level 4.1 Stealth
 + Level 2.1 Evocations


You had 4 spell levels left.
You didn't know any spells.
Your spell library contained the following spells:

 Spells                   Type           Power      Damage    Failure   Level
 Blink                    Tloc           N/A        N/A       93%         2
 Lesser Beckoning         Tloc           0%         N/A       99%         3
 Spider Form              Tmut/Pois      0%         N/A       99%         3
 Alistair's Intoxication  Tmut/Pois      0%         N/A       100%        5
 Freezing Cloud           Conj/Ice/Air   0%         6-21      100%        5
 Manifold Assault         Tloc           0%         N/A       100%        5


Dungeon Overview and Level Annotations

Branches:
Dungeon (5/15)
 Temple: D:4-7

Altars:

Annotations:
D:5 Sigmund


Innate Abilities, Weirdness & Mutations

You have a pair of horns on your head.
You reflexively headbutt those who attack you in melee.
You are somewhat resistant to further mutation.


Message History

The kobold brigand closely misses you.
The kobold brigand hits you with a +0 mace.
You hit the kobold brigand but do no damage.
Your headbutt misses the kobold brigand.
The kobold brigand is moderately wounded.
The kobold brigand barely misses you. You furiously retaliate!
You headbutt the kobold brigand!
The kobold brigand hits you with a +0 mace.
You closely miss the kobold brigand. You headbutt the kobold brigand.
The kobold brigand is severely wounded.
The kobold brigand hits you but does no damage.
You barely miss the kobold brigand.
The kobold brigand is severely wounded.
The kobold brigand barely misses you. The dart slug launches a dart at you.
The slug dart hits you.
* * * LOW HITPOINT WARNING * * *
The kobold brigand hits you but does no damage.
You hit the kobold brigand but do no damage.
Your headbutt misses the kobold brigand.
The kobold brigand is severely wounded.
The kobold brigand hits you with a +0 mace.
* * * LOW HITPOINT WARNING * * *
The dart slug launches a dart at you. The slug dart hits you.
* * * LOW HITPOINT WARNING * * *
The kobold brigand barely misses you.
It was a potion of mutation.
You feel extremely strange.
You feel genetically stable. The dart slug launches a dart at you.
The slug dart hits you.
* * * LOW HITPOINT WARNING * * *
The kobold brigand hits you but does no damage.
It was a potion of attraction.
You feel attractive to monsters. The kobold brigand closely misses you.
The dart slug launches a dart at you. The slug dart misses you.
The kobold brigand hits you with a +0 mace.
You die...

#.≈### #.###.##.#
#####.≈# #.# #.##.#
.§§...≈# #.###.##.#
≈≈≈§≈≈≈# #........#
######## #####.####
######### #.#
##.......## #### #.#
#...w.....# ..... #.#
###.K.#'#...#
......#@###....##)##..#
###....K##.#..#.).#..#
#.......w...#.#######.#
#.##.....####.# #.##
#..#.## #..'..w.l#.w#
#..#.# #.#########K#
....#.# .. .g....#.#
....##'# #.. .Kw...'g#
#### ... #.. )....K#.#


You could see a kobold brigand and a dart slug.

Vanquished Creatures
  A scorpion (D:3)
  An orc priest (D:3)
  An iguana (D:5)
  An orc wizard (D:5)
  Robin (D:2)
  5 adders (D:2)
  A dart slug (D:3)
  5 orcs
  A ball python (D:3)
  3 bats
  4 endoplasms
  A giant cockroach (D:2)
  9 goblins
  8 hobgoblins
  5 jackals (D:3)
  2 quokkas
  2 frilled lizards (D:1)
  3 kobolds
  4 rats
58 creatures vanquished.

Notes
Turn   | Place    | Note
-------+----------+-------------------------------------------
     0 | D:5      | flotson the Minotaur Delver began the quest for the Orb.
     0 | D:5      | Reached XP level 1. HP: 19/19 MP: 0/0
    20 | D:5      | Noticed an orc wizard
    28 | D:5      | Killed an orc wizard
    29 | D:5      | Reached skill level 1 in Armour
    29 | D:5      | Reached XP level 2. HP: 27/27 MP: 1/1
    34 | D:5      | Reached XP level 3. HP: 22/33 MP: 2/2
   135 | D:5      | Noticed Sigmund
   195 | D:5      | Reached skill level 1 in Evocations
   695 | D:2      | Reached XP level 4. HP: 38/40 MP: 3/3
   730 | D:2      | Noticed Robin
   773 | D:2      | Killed Robin
  2337 | D:2      | Got the Papyrus of Poor Excuses
  2347 | D:2      | Reached XP level 5. HP: 44/47 MP: 4/4
  2868 | D:3      | Reached skill level 1 in Throwing
  3779 | D:3      | Gained mutation: You are somewhat resistant to further
                  | mutation. [potion of mutation]
  3780 | D:3      | Slain by a kobold brigand

Illustrated notes

Levels and vault maps discovered:
D:1:      dpeg_arrival_three_smaller_balls, layout_basic,
          minmay_misc_feat_ornament, nrook_campfire, kennysheep_flooded_box,
          supply_closet_lemuel
D:2:      layout_basic, hex_tiny, uniq_robin
D:3:      layout_loops_corners, chequers_ecumenical_altar_island,
          kennysheep_pointless_box, minmay_divided_ellipse
D:4:      layout_gridville, minmay_puff
D:5:      layout_basic, kennysheep_small_square, uniq_grinder, uniq_sigmund

Skill      XL: |  1  2  3  4  5 |
---------------+----------------+-----
Armour         | 1 2 |  2.7
Fighting       | 4 |  4.6
Axes           | 3 |  3.8
Evocations     | 1 2 |  2.1
Dodging        | 3 |  3.4
Throwing       | 1 |  1.3
Stealth        | |  4.1

Action                   |  1- 3 |  4- 6 || total
-------------------------+-------+-------++-------
Melee: Hand axe          |    33 |    51 ||    84
       Headbutt          |     4 |    10 ||    14
 Fire: Hunting sling     |     2 |   118 ||   120
Throw: Dart              |       |     1 ||     1
  Use: Scroll            |     2 |       ||     2
       Potion            |       |     5 ||     5
 Stab: Sleeping          |     1 |     1 ||     2
Armor: Leather armour    |     4 |     4 ||     8
       Chain mail        |       |     6 ||     6
       Scale mail        |       |    27 ||    27
Dodge: Dodged            |    16 |    44 ||    60

Table legend: (Time is in decaauts)
 A = Elapsed time spent in this place.
 B = Non-inter-level travel time spent in this place.
 C = Inter-level travel time spent in this place.
 D = Time resting spent in this place.
 E = Time spent auto-exploring this place.
 F = Levels seen in this place.
 G = Mean time per level.
                   A        B        C        D        E       F      G
               +--------+--------+--------+--------+--------+-----+--------+
         Total |   3801 |   3667 |    134 |     93 |   3002 |   5 |  760.2 |
       Dungeon |   3801 |   3667 |    134 |     93 |   3002 |   5 |  760.2 |
               +--------+--------+--------+--------+--------+-----+--------+

Top non-repeatable levels by time:
     D:2: 1362 daAuts
     D:3: 1026 daAuts
     D:1: 930 daAuts
     D:5: 477 daAuts
     D:4: 4 daAuts
